AoeStats
← Barón de la Cerveza

Arena

504818234Analyzed
1v1 RM · 27d ago on Sep 6, 2026· 44m 42s· 2 players
Game mode
Random Map
Map size
Tiny (2 player)
Population
200
Speed
Normal
Resources
Standard
Victory
Conquest
Starting age
Dark Age
Ending age
Imperial Age
RankedLock teamsTeams togetherTeam positionsShared explorationLock speedFull tech treeHidden civsTurbo modeCheats
Victory
Defeat
🇲🇽 Vikings · Mexico
1855
+19
🇩🇪 Tatars · Germany
1911
-19
Barón de la Cerveza
11:37 Feudal Age
15:20 Castle Age
13:31 Double-Bit Axe
13:42 Horse Collar
16:21 Bow Saw
17:37 Heavy Plow
24:55 Gold Mining
28:30 Imperial Age
26:38 Gold Shaft Mining
26:18 Squires
26:51 Scale Mail Armor
26:39 Pikeman
28:44 Capped Ram
29:58 Chain Mail Armor
29:54 Forging
30:40 Conscription
31:09 Plate Mail Armor
31:12 Crossbowman
31:52 Arbalester
32:48 Fletching
34:10 Hoardings
33:38 Bogsveigar
34:05 Ballistics
34:46 Chemistry
34:41 Hoardings
34:05 Loom
34:53 Siege Ram
35:52 Bodkin Arrow
36:05 Padded Archer Armor
36:41 Crop Rotation
36:36 Bracer
36:38 Elite Berserk
37:37 Leather Archer Armor
39:40 Iron Casting
40:05 Ring Archer Armor
43:27 Blast Furnace
zagaluke
10:44 Feudal Age
12:05 Double-Bit Axe
14:51 Castle Age
12:36 Horse Collar
17:25 Bow Saw
18:43 Loom
23:24 Wheelbarrow
22:40 Gold Mining
22:36 Town Watch
23:05 Fletching
25:00 Hand Cart
25:04 Bodkin Arrow
25:45 Heavy Plow
30:46 Imperial Age
29:00 Padded Archer Armor
29:26 Stone Mining
30:12 Gold Shaft Mining
30:16 Ballistics
30:20 Bloodlines
30:10 Husbandry
31:26 Leather Archer Armor
32:31 Chemistry
32:12 Bracer
33:23 Ring Archer Armor
32:43 Light Cavalry
33:29 Scale Barding Armor
33:35 Forging
33:39 Heavy Cavalry Archer
33:59 Elite Skirmisher
35:16 Silk Armor
35:40 Conscription
36:55 Cavalier
36:56 Hussar
37:33 Hussar
38:36 Chain Barding Armor
39:50 Iron Casting
39:53 Plate Barding Armor
Connection lost

Rejoining the realm…

Still unreachable

The connection could not be restored.

Session expired

The server has moved on; the page needs a fresh start.